 Dungeon Crawl Stone Soup version 0.24-a0-584-g9d6b971 (webtiles) character file.

Game seed: 9975498327991796453, levelgen mode: deterministic

1109 Dirofilaria the Charmwright (level 8, -5/63 HPs)
             Began as a Gnoll Skald on Sept 4, 2019.
             Was a Plaything of Xom.
             Slain by a gnoll
             ... wielding a +0 spear
              (7 damage)
             ... on level 5 of the Dungeon.
             The game lasted 00:10:29 (4384 turns).

Dirofilaria the Charmwright (Gnoll Skald)           Turns: 4384, Time: 00:10:30

Health: -5/63      AC:  4    Str: 16    XL:     8   Next: 33%
Magic:  11/16      EV: 15    Int: 19    God:    Xom [*.....]
Gold:   370        SH:  0    Dex: 14    Spells: 11/18 levels left

rFire    + . .     SeeInvis .   q - +3 mace of Xuraceave {vamp, rPois rC+ MR- Int+3}
rCold    + . .     Gourm    .   (no shield)
rNeg     . . .     Faith    .   b - +0 leather armour
rPois    +         Spirit   .   (no helmet)
rElec    .         Reflect  .   v - +0 cloak
rCorr    .         Harm     .   (no gloves)
MR       .....                  (no boots)
Stlth    +++.......             (no amulet)
HPRegen  0.20/turn              f - ring of protection from fire
MPRegen  0.15/turn              t - ring of stealth

@: lethally poisoned (-5 -> -7)
A: distributed training, fangs 1, strong nose
a: Renounce Religion


You were on level 5 of the Dungeon.
You worshipped Xom.
You were a special plaything of Xom.
You were hungry.

You visited 2 branches of the dungeon, and saw 6 of its levels.

You collected 370 gold pieces.

Inventory:

Hand Weapons
 a - a +1 spear
 q - the +3 mace of Xuraceave (weapon) {vamp, rPois rC+ MR- Int+3}
   (You found it on level 4 of the Dungeon)

   It inflicts no extra harm, but heals its wielder when it wounds a living foe.
   It affects your intelligence (+3).
   It protects you from cold.
   It protects you from poison.
   It affects your resistance to hostile enchantments.
Missiles
 n - 6 javelins (quivered)
Armour
 b - a +0 leather armour (worn)
 v - a +0 cloak (worn)
Jewellery
 f - a ring of protection from fire (left hand)
 t - a ring of stealth (right hand)
Wands
 h - a wand of paralysis (19)
 r - a wand of random effects (16)
Scrolls
 c - 4 scrolls of teleportation
 g - a scroll of enchant weapon
 k - 2 scrolls of amnesia {unknown}
 s - a scroll of enchant armour {unknown}
 u - a scroll of magic mapping
 y - a scroll of fog {unknown}
Potions
 e - a potion of heal wounds
 i - a potion of cancellation {unknown}
 j - 2 potions of berserk rage {unknown}
 l - 3 potions of haste {unknown}
 m - 2 potions of lignification
 o - a potion of mutation {unknown}
 p - a potion of might {unknown}
 x - a potion of curing {unknown}
Comestibles
 d - 8 rations
 w - 6 chunks of flesh


   Skills:
 + Level 5.6 Fighting
 + Level 3.1 Short Blades
 + Level 3.1 Long Blades
 + Level 3.1 Axes
 + Level 3.1 Maces & Flails
 + Level 5.6 Polearms
 + Level 3.1 Staves
 + Level 3.1 Slings
 + Level 3.1 Bows
 + Level 3.1 Crossbows
 + Level 3.1 Throwing
 + Level 4.1 Armour
 + Level 5.6 Dodging
 + Level 3.1 Stealth
 + Level 3.1 Shields
 + Level 3.1 Unarmed Combat
 + Level 5.9 Spellcasting
 + Level 2.5 Conjurations
 + Level 2.5 Hexes
 + Level 6.0 Charms
 + Level 2.5 Summonings
 + Level 2.5 Necromancy
 + Level 2.5 Translocations
 + Level 2.5 Transmutations
 + Level 2.5 Fire Magic
 + Level 2.5 Ice Magic
 + Level 2.5 Air Magic
 + Level 2.5 Earth Magic
 + Level 2.5 Poison Magic
 + Level 3.4 Invocations
 + Level 3.1 Evocations


You had 11 spell levels left.
You knew the following spells:

 Your Spells              Type           Power        Failure   Level  Hunger
a - Infusion              Chrm           ####         1%          1    None
b - Regeneration          Chrm/Necr      ###.......   7%          3    ##.....
c - Spectral Weapon       Hex/Chrm       ###.....     7%          3    ##.....

Your spell library contained the following spells:

 Spells                   Type           Power        Failure   Level  Hunger
 Song of Slaying          Chrm           ####....     1%          2    None
 Shroud of Golubria       Chrm/Tloc      ###...       3%          2    None


Dungeon Overview and Level Annotations

Branches:
Dungeon (5/15)             Temple (1/1) D:4

Altars:
Ashenzari
Dithmenos
Elyvilon
Gozag
Hepliaklqana
Nemelex Xobeh
Sif Muna
Trog
Uskayaw
Wu Jian
Xom
Yredelemnul
Zin
The Shining One

Shops:
D:4 [


Innate Abilities, Weirdness & Mutations

Your experience applies equally to all skills.
You have very sharp teeth.
Your uncanny sense of smell can sniff out nearby items.


Message History

The scorpion stings you!
* * * LOW HITPOINT WARNING * * *
The gnoll barely misses you.
The gnoll hits you from afar with a +0 spear.
* * * LOW HITPOINT WARNING * * *
The gnoll barely misses you.
The scorpion stings your spectral weapon!
Your spectral weapon shares its damage with you!
* * * LOW HITPOINT WARNING * * *
The gnoll closely misses your spectral weapon.
You feel sick.
The scorpion completely misses your spectral weapon.
Casting: Spectral Weapon (safe; 7% risk of failure)
Confirm with . or Enter, or press ? or * to list all spells.
Your spectral weapon fades away.
You draw out your weapon's spirit!
The gnoll hits you with a +0 flail.
* * * LOW HITPOINT WARNING * * *
The gnoll hits you from afar with a +0 spear!
You die...
Xom chuckles heartily!

.......#...........
.......+..........# +###
.......#..........##...#
.......#...............#
.......#......$........#
.......#...............#
.......#.......ggs.....#
.......#........g.##...#
.......#........@.#### #
.......#...............#
.......#........(......#
.##....##........(.....#
.#####'##..............#
..............<........#
..................##...#
..................# ...#
.##....##...########


You could see a scorpion, 3 gnolls and a friendly spectral +3 mace of Xuraceave
{vamp, rPois rC+ MR- Int+3}.

Vanquished Creatures
  An ice beast (D:5)
  A phantom (D:5)
  The ghost of davecave the Poker, an amateur MfSk (D:4)
  2 scorpions
  A water moccasin skeleton (D:4)
  A howler monkey (D:5)
  A crimson imp (D:5)
  3 hounds
  An orc priest (D:3)
  A jelly (D:5)
  A gnoll shaman (D:4)
  A centaur skeleton (D:5)
  3 orc wizards (D:3)
  2 worker ants (D:4)
  A hound skeleton (D:4)
  4 gnolls (D:4)
  10 adders
  3 oozes
  An adder zombie (D:5)
  6 worms
  A dart slug (D:1)
  3 leopard geckos
  21 orcs
  3 ball pythons
  4 giant cockroaches
  13 hobgoblins
  2 jackals (D:2)
  A quokka (D:5)
  4 bats
  7 frilled lizards
  2 gnoll zombies (D:4)
  10 goblins
  9 kobolds
  A quokka skeleton (D:4)
  8 rats
134 creatures vanquished.

Vanquished Creatures (others)
  A spectral weapon (D:3)
1 creature vanquished.

Grand Total: 135 creatures vanquished

Notes
Turn   | Place    | Note
-------+----------+-------------------------------------------
     0 | D:1      | Dirofilaria the Gnoll Skald began the quest for the Orb.
     0 | D:1      | Reached XP level 1. HP: 20/20 MP: 6/6
    74 | D:1      | Reached XP level 2. HP: 14/26 MP: 7/7
   455 | D:1      | Reached XP level 3. HP: 29/31 MP: 9/9
   460 | D:1      | Learned a level 3 spell: Regeneration
   464 | D:1      | Learned a level 3 spell: Spectral Weapon
   811 | D:2      | Reached skill level 5 in Spellcasting
  1045 | D:2      | Reached skill level 1 in Invocations
  1134 | D:2      | Reached skill level 1 in Short Blades
  1134 | D:2      | Reached skill level 1 in Long Blades
  1134 | D:2      | Reached skill level 1 in Axes
  1134 | D:2      | Reached skill level 1 in Maces & Flails
  1134 | D:2      | Reached skill level 1 in Staves
  1134 | D:2      | Reached skill level 1 in Slings
  1134 | D:2      | Reached skill level 1 in Bows
  1134 | D:2      | Reached skill level 1 in Crossbows
  1134 | D:2      | Reached skill level 1 in Throwing
  1134 | D:2      | Reached skill level 1 in Stealth
  1134 | D:2      | Reached skill level 1 in Shields
  1134 | D:2      | Reached skill level 1 in Unarmed Combat
  1134 | D:2      | Reached skill level 1 in Evocations
  1141 | D:2      | Reached XP level 4. HP: 36/38 MP: 7/11
  1691 | D:3      | Reached skill level 1 in Conjurations
  1691 | D:3      | Reached skill level 1 in Hexes
  1691 | D:3      | Reached skill level 1 in Summonings
  1691 | D:3      | Reached skill level 1 in Necromancy
  1691 | D:3      | Reached skill level 1 in Translocations
  1691 | D:3      | Reached skill level 1 in Transmutations
  1691 | D:3      | Reached skill level 1 in Fire Magic
  1691 | D:3      | Reached skill level 1 in Ice Magic
  1691 | D:3      | Reached skill level 1 in Air Magic
  1691 | D:3      | Reached skill level 1 in Earth Magic
  1691 | D:3      | Reached skill level 1 in Poison Magic
  1872 | D:3      | Reached XP level 5. HP: 43/43 MP: 8/12
  1968 | D:3      | Found a shimmering blue altar of Sif Muna.
  2163 | D:3      | Reached XP level 6. HP: 36/50 MP: 9/13
  2306 | D:3      | Noticed an orc warrior
  2544 | D:4      | Found a basalt altar of Yredelemnul.
  2567 | D:4      | Found a staircase to the Ecumenical Temple.
  2584 | D:4      | Got a polished mace
  2585 | D:4      | Identified the +3 mace of Xuraceave {vamp, rPois rC+ MR-
                  | Int+3} (You found it on level 4 of the Dungeon)
  2591 | Temple   | Entered the Ecumenical Temple
  2819 | Temple   | Became a worshipper of Xom the Psychotic
  2838 | D:4      | Found a transporter.
  2838 | D:4      | Noticed davecave's ghost (amateur MfSk)
  2839 | D:4      | Found a transporter.
  2889 | D:4      | Reached skill level 5 in Fighting
  2889 | D:4      | Reached skill level 5 in Polearms
  2889 | D:4      | Reached skill level 5 in Dodging
  3052 | D:4      | XOM: potion effect (invisibility)
  3070 | D:4      | XOM: smoke on damage
  3084 | D:4      | Reached XP level 7. HP: 36/56 MP: 15/15
  3145 | D:4      | Found a shattered altar of Ashenzari.
  3170 | D:4      | Found Luunahaze's Armour Shop.
  3176 | D:4      | XOM: harmless Pois miscast
  3286 | D:4      | XOM: swap monsters
  3455 | D:4      | Found a bloodstained altar of Trog.
  3831 | D:4      | Killed davecave's ghost
  3861 | D:4      | XOM is BORED!
  3861 | D:4      | XOM: mild Air miscast
  3891 | D:5      | Entered Level 5 of the Dungeon
  3966 | D:5      | XOM: scenery: 2 doors open
  4000 | D:5      | Reached XP level 8. HP: 51/63 MP: 16/16
  4029 | D:5      | Reached skill level 6 in Charms
  4171 | D:5      | Found an opulent altar of Gozag.
  4372 | D:5      | XOM: 3-stop teleportation journey
  4384 | D:5      | HP: 2/63 [gnoll/+0 flail (2)]
  4384 | D:5      | Slain by a gnoll

Levels and vault maps discovered:
D:1:      minmay_arrival_wavy_path, layout_basic
D:2:      layout_loops_corners
D:3:      layout_loops_ring, led_sif_book
D:4:      layout_loops_corners, old_standard_altar, kennysheep_mini,
          lemuel_zombie_altar_yredelemnul, minmay_temple_entry_mist,
          gammafunk_ghost_arena, serial_shops, shop
D:5:      layout_gridville, nicolae_gozag_seed_capital, first_ration
Temple:   jpeg_temple_island

Skill      XL: |  1  2  3  4  5  6  7  8 |
---------------+-------------------------+-----
Spellcasting   | 5 |  5.9
Invocations    | 1 2 3 |  3.4
Short Blades   | 1 2 3 |  3.1
Long Blades    | 1 2 3 |  3.1
Axes           | 1 2 3 |  3.1
Maces & Flails | 1 2 3 |  3.1
Staves         | 1 2 3 |  3.1
Slings         | 1 2 3 |  3.1
Bows           | 1 2 3 |  3.1
Crossbows      | 1 2 3 |  3.1
Throwing       | 1 2 3 |  3.1
Stealth        | 1 2 3 |  3.1
Shields        | 1 2 3 |  3.1
Unarmed Combat | 1 2 3 |  3.1
Evocations     | 1 2 3 |  3.1
Conjurations   | 1 2 |  2.5
Hexes          | 1 2 |  2.5
Summonings     | 1 2 |  2.5
Necromancy     | 1 2 |  2.5
Translocations | 1 2 |  2.5
Transmutations | 1 2 |  2.5
Fire Magic     | 1 2 |  2.5
Ice Magic      | 1 2 |  2.5
Air Magic      | 1 2 |  2.5
Earth Magic    | 1 2 |  2.5
Poison Magic   | 1 2 |  2.5
Armour         | 3 4 |  4.1
Fighting       | 5 |  5.6
Polearms       | 5 |  5.6
Dodging        | 5 |  5.6
Charms         | 6 |  6.0

Action                   |  1- 3 |  4- 6 |  7- 9 || total
-------------------------+-------+-------+-------++-------
Melee: Spear             |   105 |   163 |       ||   268
       Bite              |     6 |    20 |    12 ||    38
       Mace              |       |    42 |   123 ||   165
       Punch             |       |     2 |     1 ||     3
 Cast: Spectral Weapon   |     3 |    19 |    13 ||    35
       Regeneration      |       |     4 |     1 ||     5
  Use: Scroll            |       |     4 |     1 ||     5
 Stab: Distracted        |     1 |     1 |     1 ||     3
       Sleeping          |     4 |     3 |     7 ||    14
       Invisible         |       |     5 |     1 ||     6
  Eat: Chunk             |     1 |     8 |     5 ||    14
Armor: Leather armour    |     4 |    13 |    16 ||    33
Dodge: Dodged            |    38 |    91 |   109 ||   238

Table legend:
 A = Non-vault XP
 B = Vault XP
 C = Vault XP percentage of total XP
 D = Non-vault monster count
 E = Vault monster count
 F = Vault count percentage of total count
                 A         B        C        D         E       F
            +---------+---------+-------+---------+---------+-------
      Total |    1323 |     262 |  16.5 |     125 |       9 |   6.7
            +---------+---------+-------+---------+---------+-------
        D:1 |      35 |       0 |   0.0 |      17 |       0 |   0.0
        D:2 |      95 |       0 |   0.0 |      33 |       0 |   0.0
        D:3 |     164 |      75 |  31.4 |      29 |       2 |   6.5
        D:4 |     412 |     187 |  31.2 |      29 |       7 |  19.4
        D:5 |     617 |       0 |   0.0 |      17 |       0 |   0.0
            +---------+---------+-------+---------+---------+-------
